AoeStats
← Condorito17

African Clearing

510838792Analyzed
3v3 RM · 22h ago on Oct 2, 2026· 63m 2s· 6 players
Game mode
Random Map
Map size
Normal (6 player)
Population
200
Speed
Normal
Resources
Standard
Victory
Conquest
Starting age
Dark Age
Ending age
Imperial Age
RankedLock teamsTeams togetherTeam positionsShared explorationLock speedFull tech treeHidden civsTurbo modeCheats
Victory
Defeat
🇨🇴 Vietnamese · Colombia
1405
+15
🇨🇴 Berbers · Colombia
1377
+17
🇨🇱 Magyars · Chile
1364
+17
🇭🇺 Huns · Hungary
1517
-21
🇭🇺 Khitans · Hungary
1333
-14
🇭🇺 Varangians · Hungary
1323
-14
Solopetrosky
6:05 Loom
11:47 Feudal Age
12:26 Double-Bit Axe
15:17 Fletching
28:24 Horse Collar
28:48 Gold Mining
33:33 Castle Age
32:38 Stone Mining
33:10 Scale Barding Armor
33:17 Forging
35:12 Wheelbarrow
35:11 Bow Saw
35:04 Heavy Plow
39:45 Hand Cart
41:12 Stone Shaft Mining
45:47 Imperial Age
44:24 Bodkin Arrow
44:30 Padded Archer Armor
46:36 Ballistics
46:37 Leather Archer Armor
46:13 Elite Rattan Archer
47:12 Bracer
49:15 Chemistry
49:08 Paper Money
50:25 Crop Rotation
50:59 Two-Man Saw
50:53 Ring Archer Armor
51:34 Fortified Wall
51:59 Light Cavalry
52:49 Bloodlines
52:41 Husbandry
54:09 Chain Barding Armor
54:00 Forging
57:16 Plate Barding Armor
59:40 Iron Casting
60:59 Coinage
60:29 Caravan
60:40 Guilds
[Legacy]Julio.01
5:23 Loom
13:43 Feudal Age
17:27 Castle Age
15:19 Double-Bit Axe
17:13 Fletching
18:37 Bow Saw
25:04 Bodkin Arrow
25:56 Ballistics
27:39 Wheelbarrow
29:40 Town Watch
30:28 Husbandry
31:57 Hand Cart
32:09 Bloodlines
33:04 Padded Archer Armor
35:47 Leather Archer Armor
38:38 Imperial Age
36:25 Thumb Ring
38:35 Scale Barding Armor
39:24 Bracer
40:26 Chemistry
39:01 Elite Camel Archer
40:40 Ring Archer Armor
40:24 Gold Mining
41:45 Conscription
43:02 Maghrebi Camels
44:23 Chain Barding Armor
44:23 Forging
44:35 Light Cavalry
45:21 Hussar
47:03 Heavy Camel Rider
50:22 Plate Barding Armor
50:23 Iron Casting
53:54 Blast Furnace
53:56 Town Patrol
60:09 Horse Collar
62:56 Kasbah
Condorito17
9:22 Loom
12:00 Feudal Age
12:36 Double-Bit Axe
22:26 Castle Age
21:39 Horse Collar
23:49 Husbandry
25:54 Scale Barding Armor
26:32 Bloodlines
31:04 Bow Saw
33:11 Town Watch
39:36 Chain Barding Armor
47:24 Imperial Age
47:31 Cavalier
48:56 Plate Barding Armor
49:54 Paladin
54:05 Gold Mining
54:05 Stone Mining
55:21 Fletching
57:36 Wheelbarrow
63:08 Hand Cart
62:40 Light Cavalry
koole
5:26 Loom
12:52 Feudal Age
13:34 Double-Bit Axe
14:40 Forging
18:07 Scale Barding Armor
22:09 Castle Age
21:39 Domestication
22:16 Light Cavalry
26:45 Iron Casting
27:11 Wheelbarrow
27:53 Husbandry
28:47 Pastoralism
29:48 Fletching
30:52 Chain Barding Armor
31:32 Bodkin Arrow
33:07 Bow Saw
34:39 Gold Mining
36:19 Town Watch
37:20 Stone Mining
45:43 Imperial Age
45:15 Masonry
48:04 Hand Cart
48:43 Ballistics
49:22 Heavy Camel Rider
52:58 Plate Barding Armor
53:03 Hussar
54:20 Ordo Cavalry
55:03 Conscription
56:40 Transhumance
57:13 Two-Man Saw
61:48 Murder Holes
Mr Pizzaman
9:13 Loom
14:10 Feudal Age
18:41 Castle Age
21:27 Fletching
34:47 Wheelbarrow
34:37 Elite Skirmisher
37:39 Double-Bit Axe
37:34 Horse Collar
38:53 Scale Barding Armor
39:35 Bloodlines
40:26 Bow Saw
40:17 Heavy Plow
44:19 Imperial Age
42:40 Chain Barding Armor
43:32 Forging
43:42 Gold Mining
44:10 Hand Cart
44:58 Iron Casting
44:20 Cavalier
45:01 Husbandry
45:56 Plate Barding Armor
46:14 Paladin
48:01 Conscription
50:14 Blast Furnace
49:41 Light Cavalry
51:47 Gold Shaft Mining
50:55 Hussar
58:11 Two-Man Saw
violachaos
5:56 Loom
11:39 Feudal Age
12:56 Double-Bit Axe
13:33 Bloodlines
15:08 Horse Collar
16:14 Forging
17:12 Scale Barding Armor
26:10 Castle Age
24:41 Gold Mining
26:21 Light Cavalry
27:03 Husbandry
27:31 Chain Barding Armor
28:56 Bow Saw
32:34 Heavy Plow
36:49 Fletching
46:28 Bodkin Arrow
50:53 Stone Mining
53:01 Iron Casting
54:33 Wheelbarrow
59:49 Imperial Age
61:09 Conscription
62:23 Chemistry
60:57 Heavy Scorpion
62:32 Hussar
Connection lost

Rejoining the realm…

Still unreachable

The connection could not be restored.

Session expired

The server has moved on; the page needs a fresh start.